Map: Oblivion Express

Players

BunnyLove

  • Race: Terran Terran

Angelwing

  • Race: Terran Terran
  • Spawn Location: 0:00

VOD

Have the link to the VOD?

Description

Time

  • Played on: March 14, 2018, 3:47 p.m.
  • Length: 23:50
Show
View Real Time Build Order
Export as new Build Order

BunnyLove Terran 

Build Orders:  

Get SALT Encoding   

  12  0:05  Starport Tech Lab  
  12  0:09  SCV  
  13  0:26  SCV  
  14  0:30  Supply Depot  
  15  0:43  SCV  
  15  1:05  SCV  
  15  1:06  Assault Galleon  
  17  1:22  SCV  
  17  1:35  Refinery  
  17  1:39  SCV  
  18  1:56  SCV  
  20  2:12  SCV  
  20  2:14  Command Center  
  20  2:28  Refinery  
  20  2:29  SCV  
  21  2:41  Reaper  
  21  2:46  SCV  
  23  2:51  Reaper  
  25  3:03  Reaper, SCV  
  25  3:08  Supply Depot  
  26  3:14  Reaper  
  28  3:20  SCV  
  28  3:22  Engineering Bay  
  28  3:37  SCV  
  30  3:54  SCV  
  30  4:04  Command Center  
  30  4:08  LE9 Cluster Charges  
  32  4:10  SCV  
  32  4:11  SCV  
  32  4:14  Reaper  
  33  4:25  Assault Galleon  
  33  4:27  SCV  
  35  4:34  SCV  
  35  4:50  Jetpack Overdrive  
  36  5:00  SCV  
  36  5:05  Refinery  
  36  5:07  SCV  
  36  5:08  Refinery  
  38  5:10  Reaper  
  38  5:17  SCV  
  41  5:20  Reaper  
  41  5:24  SCV  
  41  5:26  Armory  
  42  5:31  Reaper x2  
  42  5:34  SCV  
  45  5:41  Reaper x2, SCV  
  48  5:50  Reaper  
  48  5:51  Reaper, SCV  
  49  6:08  SCV  
  49  6:09  SCV  
  51  6:16  Theia Raven  
  53  6:25  SCV  
  53  6:26  SCV  
  55  6:32  Supply Depot  
  55  6:36  Reaper x2  
  59  6:42  SCV  
  59  6:43  SCV  
  59  6:46  Reaper  
  60  6:50  Reaper  
  60  6:59  SCV  
  62  7:03  Reaper  
  62  7:05  Supply Depot  
  62  7:07  SCV  
  64  7:16  Supply Depot, SCV  
  66  7:24  SCV  
  66  7:25  Fusion Core  
  67  7:33  SCV  
  67  7:41  Horner Weapons Level 1  
  67  7:46  SCV  
  67  7:49  Supply Depot  
  68  7:55  Multi-Threaded Sensors  
  68  7:56  SCV  
  69  8:00  Reaper  
  69  8:01  Reaper  
  71  8:15  Reaper x2, Assault Galleon, SCV  
  71  8:16  SCV  
  71  8:17  Assault Galleon  
  75  8:20  Supply Depot  
  75  8:25  Reaper x2  
  78  8:32  SCV  
  78  8:49  Reaper  
  79  8:50  Reaper  
  79  8:59  Reaper, SCV x2  
  83  9:00  Reaper  
  83  9:03  Supply Depot  
  83  9:05  Overcharged Reactor  
  83  9:09  Reaper  
  84  9:10  Reaper, Assault Galleon  
  84  9:16  SCV  
  84  9:19  Reaper  
  87  9:26  SCV  
  91  9:37  Drone Hangar  
  91  9:45  SCV  
  91  9:47  Strike Fighter Platform  
  96  9:51  Strike Fighter Platform  
  96  10:07  Reaper, Supply Depot  
  96  10:08  Napalm Payload  
  96  10:09  Reaper  
  99  10:10  Reaper  
  99  10:15  Supply Depot  
  99  10:17  Reaper  
  99  10:19  Reaper  
  103  10:20  Reaper x2  
  103  10:23  Supply Depot  
  103  10:29  Strike Fighter Platform  
  108  10:35  Strike Fighter Platform  
  108  10:38  Horner Weapons Level 2, Drone Hangar  
  110  10:58  Strike Fighter Platform  
  112  11:05  Strike Fighter Platform x2  
  112  11:08  Strike Fighter Platform  
  128  11:23  Reaper x3  
  128  11:29  Drone Hangar  
  131  11:31  Drone Hangar  
  131  11:38  Strike Fighter Platform  
  131  11:42  Strike Fighter Platform  
  131  11:55  Reaper x2  
  131  11:56  Reaper  
  134  12:12  Reaper x3  
  134  12:13  Reaper  
  134  12:22  Reaper x3  
  134  12:23  Reaper  
  134  12:24  Drone Hangar  
  137  12:32  Reaper x3  
  137  12:33  Reaper  
  140  12:41  Reaper  
  140  12:42  Reaper x2  
  140  12:43  Reaper  
  144  12:51  Reaper  
  144  12:52  Reaper x2  
  144  12:53  Reaper  
  146  13:01  Reaper  
  146  13:02  Reaper x2  
  147  13:10  Reaper x2  
  147  13:11  Reaper  
  147  13:16  Reaper x2  
  152  13:28  Reaper x2  
  154  13:41  Reaper x3  
  154  13:47  Reaper x2  
  159  13:50  Reaper  
  159  13:53  Reaper x2  
  157  14:08  Reaper  
  157  14:09  Reaper x2  
  160  14:12  Reaper  
  160  14:13  Reaper  
  160  14:18  Reaper  
  160  14:19  Reaper x2  
  165  14:22  Reaper  
  165  14:24  Reaper  
  165  14:28  Reaper  
  168  14:34  Sovereign Battlecruiser  
  168  14:36  Reaper x2  
  179  14:44  Reaper x3  
  179  14:49  Reaper x2  
  184  14:56  Reaper x2  
  184  14:57  Reaper  
  184  14:59  Reaper x2  
  181  15:06  Reaper x2  
  181  15:07  Reaper  
  181  15:09  Reaper x2  
  176  15:16  Reaper x2  
  176  15:17  Reaper  
  177  15:23  Reaper x2  
  177  15:26  Reaper  
  177  15:27  Reaper  
  179  15:30  Reaper  
  179  15:33  Reaper  
  181  16:02  Sovereign Battlecruiser  
  191  16:27  Supply Depot  
  191  16:59  Supply Depot  
  190  17:32  Supply Depot  
  190  18:05  Supply Depot, Sovereign Battlecruiser  
  190  18:06  Reaper  
  190  18:07  Reaper x2, Horner Weapons Level 3  
  200  18:19  Reaper x4  
  199  18:40  Reaper  
  200  19:02  Missile Turret  
  200  19:30  Missile Turret  
  200  19:54  Reaper  
  200  19:55  Missile Turret  
  200  20:23  Missile Turret  
  200  20:50  Missile Turret  
  197  21:06  Reaper  
  184  21:13  Reaper x2  
  184  21:15  Sovereign Battlecruiser  
  184  21:17  Missile Turret  
  184  21:19  Reaper x2  
  197  21:29  Horner Armor Level 1  
  195  21:30  Reaper x4  
  195  21:31  Reaper  
  197  21:40  Reaper x3  
  197  21:42  Reaper  
  200  21:59  Reaper x2  
  199  22:04  Reaper  
  194  22:59  Reaper  
  178  23:00  Reaper x4  
  178  23:09  Reaper  
  175  23:10  Reaper x4  
  175  23:19  Reaper  
  169  23:20  Reaper x4  
  169  23:29  Reaper  
Show
View Real Time Build Order
Export as new Build Order

Angelwing Terran 

Build Orders:  

Get SALT Encoding   

Tags
 
Add a new tag
Caveats
  • Supply blocks, unpowered buildings, or Contaminate may cause inaccurate times.
  • Supply counts are checked every 10 seconds.